 Seeded DCSS version 0.25-a0-507-gf66f01b (webtiles) character file.

Game seed: 457764358574563435, levelgen mode: deterministic

14 Crocosaw the Shield-Bearer (level 2, 20/25 HPs)
             Began as a Formicid Fighter on Feb 15, 2020.
             Quit the game on level 1 of the Dungeon.
             The game lasted 00:00:53 (107 turns).

Crocosaw the Shield-Bearer (Formicid Fighter)        Turns: 107, Time: 00:00:54

Health: 20/25      AC:  6    Str: 20    XL:     2   Next: 60%
Magic:  0/0        EV:  8    Int:  7    God:
Gold:   0          SH:  9    Dex: 12    Spells: 1/1 levels left

rFire    . . .     SeeInvis +   e - +2 hand axe (antimagic)
rCold    . . .     Gourm    .   c - +0 kite shield
rNeg     . . .     Faith    .   b - +0 scale mail
rPois    .         Spirit   .   (helmet unavailable)
rElec    .         Reflect  .   (no cloak)
rCorr    .         Harm     .   (no gloves)
MR       +....                  (no boots)
Stlth    ..........             (no amulet)
HPRegen  0.08/turn              (no ring)
MPRegen  0.07/turn              (no ring)

@: no status effects
A: permanent stasis, dig shafts and tunnels, four strong arms, antennae 3,
hooves 1, agile 1, low mp 1, magic resistance 1
a: Dig, Shaft Self


You were on level 1 of the Dungeon.
You were not hungry.

You visited 1 branch of the dungeon, and saw 1 of its levels.

Inventory:

Hand Weapons
 a - a +0 war axe
 e - a +2 antimagic hand axe (weapon)
Armour
 b - a +0 scale mail (worn)
 c - a +0 kite shield (worn)
Scrolls
 g - a scroll of immolation {unknown}
Potions
 d - a potion of might
Comestibles
 f - a ration


   Skills:
 + Level 3.7 Fighting
 + Level 2.1 Axes
 + Level 3.4 Armour
 + Level 3.9 Shields


You had one spell level left.
You didn't know any spells.
Your spell library was empty.

Dungeon Overview and Level Annotations

Branches:
Dungeon (1/15)

Altars:


Innate Abilities, Weirdness & Mutations

You cannot be hasted, slowed, berserked, paralysed or teleported.
You can dig through walls and to a lower floor.
Your four strong arms can wield two-handed weapons with a shield.
You have a pair of large antennae on your head. (SInv)
You have large cloven feet.
You are agile. (Dex +2)
Your magical capacity is low. (-10% MP)
You are resistant to hostile enchantments. (MR+)


Message History

The jackal bites you but does no damage.
You closely miss the jackal.
The jackal is heavily wounded.
You hit the bush. You block the jackal's attack.
The jackal bites you but does no damage.
You closely miss the jackal.
The jackal is heavily wounded.
You hit the bush but do no damage.
The jackal bites you but does no damage. x2
You hit the jackal.
You kill the jackal!
You hit the bush but do no damage.
No target in view!
You see here a jackal corpse.
h - a purple potion It was a potion of mutation.
You feel extremely strange.
You feel agile.
You feel resistant to hostile enchantments.
You feel less energetic.
Your feet thicken and deform.
Are you sure you want to abandon this character and quit the game? (Confirm with "yes".) ⌠... #. .... #.#♣♣ ...P #.#.♣ P.P

#.#.♣ ♣.♣♣♣♣#####
#.#.# ♣♣.♣♣.##...##
###.#.###..........#.
#.......†..##...†....
#.##@PP..P......$....
#P..♣..P.P##.......
#P.♣.♣♣♣P...##...##
##.P.PP♣.♣.......#
#.#..P♣♣♣..######
#.##.. ♣..# #.# #.♣
♣P.# #.# #P ...# P.#


There were no monsters in sight!

Vanquished Creatures
  An ooze (D:1)
  A dart slug (D:1)
  A bat (D:1)
  4 jackals (D:1)
7 creatures vanquished.

Notes
Turn   | Place    | Note
-------+----------+-------------------------------------------
     0 | D:1      | Crocosaw the Formicid Fighter began the quest for the Orb.
     0 | D:1      | Reached XP level 1. HP: 18/18 MP: 1/1
    30 | D:1      | Reached XP level 2. HP: 20/25 MP: 0/2
   106 | D:1      | Gained mutation: You are agile. (Dex +2) [potion of
                  | mutation]
   106 | D:1      | Gained mutation: You are resistant to hostile enchantments.
                  | (MR+) [potion of mutation]
   106 | D:1      | Gained mutation: Your magical capacity is low. (-10% MP)
                  | [potion of mutation]
   106 | D:1      | Gained mutation: You have large cloven feet. [potion of
                  | mutation]
   107 | D:1      | Quit the game

Levels and vault maps discovered:
D:1:      giann_forest_graveyard, layout_loops_cross, serial_forest,
          infiniplex_forest_straight_2, infiniplex_forest_fountain,
          infiniplex_forest_lined_3, infiniplex_forest_lined_3_way,
          infiniplex_forest_clump_curved, infiniplex_forest_zigzag_1,
          infiniplex_forest_straight_4, infiniplex_forest_zigzag_1,
          chequers_serial_rivers_large_b

Action                   || total
-------------------------++-------
Melee: Hand axe          ||    19
  Use: Potion            ||     1
Armor: Scale mail        ||    14
Dodge: Dodged            ||     7
Block: Kite shield       ||     9

Table legend:
 A = Non-vault XP
 B = Vault XP
 C = Vault XP percentage of total XP
 D = Non-vault monster count
 E = Vault monster count
 F = Vault count percentage of total count
                 A         B        C        D         E       F
            +---------+---------+-------+---------+---------+-------
      Total |      21 |       0 |   0.0 |       7 |       0 |   0.0
            +---------+---------+-------+---------+---------+-------
        D:1 |      21 |       0 |   0.0 |       7 |       0 |   0.0
            +---------+---------+-------+---------+---------+-------
